 Dungeon Crawl Stone Soup version 0.29-a0-344-ge2f44be95a (webtiles) character file.

Game seed: 9000421947523498170

111 spaghetti the Sneak (level 4, -5/40 HPs)
             Began as a Deep Dwarf Delver on Apr 22, 2022.
             Slain by a troll (12 damage)
             ... on level 5 of the Dungeon.
             The game lasted 00:00:43 (115 turns).

spaghetti the Sneak (Deep Dwarf Delver)              Turns: 115, Time: 00:00:44

Health: -5/40      AC:  3    Str: 16    XL:     4   Next: 62%
Magic:  4/4        EV: 12    Int: 10    God:
Gold:   16         SH:  0    Dex: 16    Spells: 3/3 levels left

rFire   . . .      SeeInvis .   a - +0 short sword {short}
rCold   . . .      Faith    .   (no shield)
rNeg    . . .      Spirit   .   b - +0 leather armour
rPois   .          Reflect  .   (no helmet)
rElec   .          Harm     .   (no cloak)
rCorr   .          Rampage  .   (no gloves)
Will    .....                   (no boots)
Stlth   +++.......              (no amulet)
HPRegen 0.00/turn               (no ring)
MPRegen 0.09/turn               (no ring)

@: no status effects
A: damage resistance, heal wounds, sense surroundings 1, no regeneration
a: Heal Wounds


You were on level 5 of the Dungeon.
You visited 1 branch of the dungeon, and saw 1 of its levels.

You collected 16 gold pieces.


Innate Abilities, Weirdness & Mutations

You are resistant to damage.
You can heal yourself by infusing magical energy.
You passively map a small area around you.
You do not regenerate.


   Skills:
 - Level 2.6 Fighting
 + Level 4.5 Short Blades
 - Level 2.1 Dodging
 - Level 6.0 Stealth


You had 3 spell levels left.
You didn't know any spells.
Your spell library contained the following spells:

 Spells                   Type           Power      Damage    Failure   Level
 Magic Dart               Conj           0%         1d3       43%         1
 Searing Ray              Conj           0%         2d4       56%         2
 Fulminant Prism          Conj/Hex       0%         3d6       99%         4

Inventory:

Hand Weapons
 a - a +0 short sword (weapon) {short}
Missiles
 i - 17 stones {throwing}
Armour
 b - a +0 leather armour (worn)
Wands
 g - a wand of digging (3)
 h - a wand of flame (28)
   (You found it on level 5 of the Dungeon)
Scrolls
 c - a scroll of fog
 d - a scroll of magic mapping {!r}
 e - a scroll of fear
Potions
 f - a potion of haste {@q3}
 j - a potion of brilliance {unknown}

Dungeon Overview and Level Annotations

Branches:
Dungeon (5/15)
 Temple: D:4-7

Altars:

*, * .# ## #.#
##.###.. #.. ..# # *
#.##.##.###
####.†..##....##
.......#...##..####
###..#...#..##..@.#
#..#...#...#...##T#*
.#...#...#...#..#..#*
...#...#...#...#....#
.#...#...#.[.#...#..#
...#...#...#...#....#
.#...#..?#)..#...#..#
...#...#...#...#...##
.#...#...#...#...#.*


You could see a troll.


Message History

🤖 Initializing magus.rc ...
Options error: Delay interrupt name "hungry" not recognised. (~/.crawlrc:4761) Options error: Bad monster_list_colour key: strict_neutral (~/.crawlrc:4776) ✅ Successfully initialized magus.rc [v1.9.6] Welcome, spaghetti the Deep Dwarf Delver.
The Orb of Zot is coveted for many reasons.
Will you seize it for your own?
Press ? for a list of commands and other information.
Found a leather armour and a pair of gloves.
Found a stone staircase leading down.
h - a wand of flame (29)
Found a stone staircase leading up.
You hit the plant.
The plant begins to die.
Found a stone staircase leading up.
i - 17 stones {throwing} A nearby plant withers and dies.
j - an emerald potion A jelly comes into view.
A jelly is nearby!
A jelly is nearby!
A jelly is nearby!
The helpless jelly fails to defend itself.
You impale the jelly!!
You kill the jelly!
Your Short Blades skill gained 2 levels and is now at level 3!
You have reached level 2!
You have reached level 3!
Your experience leads to an increase in your attributes!
Increase (S)trength, (I)ntelligence, or (D)exterity?
You feel agile. x2 😎 HP[+13] MP[+2]
You now have 33 max hp (+13).
Your hp is fully restored (33).
Your mp is fully restored (3).
Found a stone staircase leading up.
You now have 16 gold pieces. 2 jackals come into view.
There are monsters nearby!
There are monsters nearby!
A jackal comes into view.
There is a stone staircase leading up here.
You pick up a book of Conjurations {@e2} and begin reading...
You add the spells Magic Dart, Searing Ray and Fulminant Prism to your library.
There are no items here.
A quokka comes into view.
You hit the quokka. The quokka bites you. 😕 HP[-1]
You take 1 damage, and now have 32/33 hp.
You hit the quokka.
You kill the quokka!
A centaur comes into view.
A centaur is nearby!
A centaur is nearby!
The helpless centaur fails to defend itself.
You impale the centaur!!
You kill the centaur!
Your Short Blades skill increases to level 4!
You have reached level 4!
You feel stronger. 😕 HP[+6] MP[+1]
You now have 40 max hp (+7).
You regained 6 hp, and now have 38/40 hp.
Your mp is fully restored (4).
Unknown command.
You see here a +0 robe.
A troll comes into view.
The helpless troll fails to defend itself.
You impale the troll!! The troll bites you! The troll claws you!
* * * LOW HITPOINT WARNING * * *
The troll barely misses you. 😨 HP[-21]
You take 21 damage, and now have 17/40 hp.
MASSIVE DAMAGE!! (PAUSE) Unknown command.
Okay, then.
Okay, then.
Aiming: Throw Flame
Press: ? - help, Shift-Dir - straight line, f - troll
Aim: a troll (severely wounded, 68% to hit)
The puff of flame hits the troll.
The troll bites you. The troll claws you!
* * * LOW HITPOINT WARNING * * *
The troll claws you!
You die...

Skill      XL: |  1  2  3 |
---------------+----------+-----
Short Blades   | 3 4 |  4.5
Fighting       | |  2.6
Dodging        | |  2.1
Stealth        | |  6.0

Action                   |  1- 3 |  4- 6 || total
-------------------------+-------+-------++-------
Melee: Short sword       |     5 |     1 ||     6
Evoke: Wand              |       |     1 ||     1
 Stab: Sleeping          |     2 |     1 ||     3
Dodge: Dodged            |       |     1 ||     1

Levels and vault maps discovered:
D:5:      layout_loops_ring, minmay_temple_entry_overgrown, hex_large,
          serial_bayou_pond_a, uniq_eustachio

Notes
Turn   | Place    | Note
-------+----------+-------------------------------------------
     0 | D:5      | spaghetti the Deep Dwarf Delver began the quest for the
                  | Orb.
     0 | D:5      | Reached XP level 1. HP: 20/20 MP: 1/1
     0 | D:5      | magus.rc [v1.9.6]
    47 | D:5      | Noticed a jelly
    54 | D:5      | Killed a jelly
    55 | D:5      | Reached skill level 3 in Short Blades
    55 | D:5      | Reached XP level 2. HP: 27/27 MP: 2/2
    55 | D:5      | Reached XP level 3. HP: 33/33 MP: 3/3
    91 | D:5      | You pick up a book of Conjurations {@e2} and begin
                  | reading...
    91 | D:5      | You add the spells Magic Dart, Searing Ray and Fulminant
                  | Prism to your library.
   101 | D:5      | Noticed a centaur
   105 | D:5      | Killed a centaur
   106 | D:5      | Reached skill level 4 in Short Blades
   106 | D:5      | Reached XP level 4. HP: 38/40 MP: 4/4
   111 | D:5      | Noticed a troll
   115 | D:5      | HP: 7/40 [troll (10)]
   115 | D:5      | Slain by a troll

Vanquished Creatures
  A centaur (D:5)
  A jelly (D:5)
  A quokka (D:5)
3 creatures vanquished.

Vanquished Creatures (others)
  A plant (D:5)
1 creature vanquished.

Grand Total: 4 creatures vanquished

Table legend:
 A = Non-vault XP
 B = Vault XP
 C = Vault XP percentage of total XP
 D = Non-vault monster count
 E = Vault monster count
 F = Vault count percentage of total count
                 A         B        C        D         E       F
            +---------+---------+-------+---------+---------+-------
      Total |     159 |       0 |   0.0 |       3 |       0 |   0.0
            +---------+---------+-------+---------+---------+-------
        D:5 |     159 |       0 |   0.0 |       3 |       0 |   0.0
            +---------+---------+-------+---------+---------+-------

Illustrated notes

Table legend:
 A = Kills in this place as a percentage of kills in entire the game.
 B = Kills by you in this place as a percentage of kills by you in the entire game.
 C = Kills by friends in this place as a percentage of kills by friends in the entire game.
 D = Other kills in this place as a percentage of other kills in the entire game.
 E = Experience gained in this place as a percentage of experience gained in the entire game.
 F = Experience gained in this place divided by the number of levels of this place that you have seen.
                   A       B       C       D       E      F
               +-------+-------+-------+-------+-------+----------------------
         Total | 100.0 | 100.0 |   N/A |   N/A | 100.0 | 159.0
       Dungeon | 100.0 | 100.0 |   N/A |   N/A | 100.0 | 159.0
               +-------+-------+-------+-------+-------+----------------------

Table legend: (Time is in decaauts)
 A = Elapsed time spent in this place.
 B = Non-inter-level travel time spent in this place.
 C = Inter-level travel time spent in this place.
 D = Time resting spent in this place.
 E = Time spent auto-exploring this place.
 F = Levels seen in this place.
 G = Mean time per level.
                   A        B        C        D        E       F      G
               +--------+--------+--------+--------+--------+-----+--------+
         Total |    114 |    114 |      0 |      0 |     67 |   1 |  114.0 |
       Dungeon |    114 |    114 |      0 |      0 |     67 |   1 |  114.0 |
               +--------+--------+--------+--------+--------+-----+--------+

Top non-repeatable levels by time:
     D:5: 114 daAuts
